[ PARTIDA AOE2 · #476533607 ]
UnrankedPersas vs Portuguese
[ ANÁLISIS DE REPETICIÓN · EXTRAÍDO DE LA PARTIDA GRABADA ]
Feudal
6:40
Castillos
12:53
Imperial
—
| APM promedio | 20.2 |
| APM pico | 50 |
| eAPM promedio | 12.9 |
| Aldeanos / militares | 142 / 89 |
Foco
⚔️ 25.0% · 🌾 75.0%
Knight ×39 · Scout Cavalry ×27 · Camel Scout ×23
Feudal
9:44
Castillos
13:19
Imperial
—
| APM promedio | 15.4 |
| APM pico | 107 |
| eAPM promedio | 9.0 |
| Aldeanos / militares | 79 / 12 |
Foco
⚔️ 41.0% · 🌾 59.0%
Organ Gun ×12
Feudal
6:25
Castillos
16:57
Imperial
34:46
| APM promedio | 34.6 |
| APM pico | 75 |
| eAPM promedio | 19.1 |
| Aldeanos / militares | 129 / 377 |
Foco
⚔️ 42.3% · 🌾 57.7%
Scout Cavalry ×115 · Knight ×114 · Kipchak ×108 · Steppe Lancer ×21 · Mangonel ×8 · Battering Ram ×5
Feudal
8:59
Castillos
12:37
Imperial
28:37
| APM promedio | 23.1 |
| APM pico | 66 |
| eAPM promedio | 13.8 |
| Aldeanos / militares | 143 / 203 |
Foco
⚔️ 31.9% · 🌾 68.1%
Spearman ×114 · Militia ×61 · Battering Ram ×14 · Centurion ×8 · Mangonel ×3 · Scorpion ×2
Mapa de la partida
Recursos iniciales + cada clic de construcción. Líneas = muros · curvas = relieve. ◆ oro · ⬟ piedra · ● bayas · ✦ reliquia · ◌ hueco del cierre
Tu base· ✓ Cerrada en 12:53 · 0t muro · 9 puerta(s)
Base de Bienjamming· ✓ Cerrada en 13:19 · 0t muro · 7 puerta(s)
Base de DGHIR | Miloss· ✓ Cerrada en 16:57 · 0t muro · 8 puerta(s)
Base de andru_m15· ✓ Cerrada en 12:37 · 0t muro · 6 puerta(s)
Terreno inicial suavizado · ◌ = hueco del cierre detectado · pasá el cursor para detalles
Inputs por minuto
— Pelad - - Bienjamming
Build order — Pelad
Primeras 150 de 368 acciones detectadas
| 0:02 | Crear | Villager (Male) |
| 0:02 | Crear | Villager (Male) |
| 0:02 | Crear | Villager (Male) |
| 0:03 | Crear | Villager (Male) |
| 0:03 | Crear | Villager (Male) |
| 0:26 | Construir | Mill |
| 0:29 | Construir | Lumber Camp |
| 1:03 | Crear | Villager (Male) |
| 1:58 | Crear | Villager (Male) |
| 3:01 | Crear | Villager (Male) |
| 3:01 | Crear | Villager (Male) |
| 3:02 | Crear | Villager (Male) |
| 3:02 | Crear | Villager (Male) |
| 3:37 | Construir | Farm |
| 3:41 | Construir | Farm |
| 4:02 | Investigar | Loom |
| 4:18 | Investigar | Feudal Age |
| 4:33 | Construir | Farm |
| 5:10 | Construir | Farm |
| 5:40 | Crear | Villager (Male) |
| 5:41 | Crear | Villager (Male) |
| 5:54 | Construir | Mining Camp |
| 6:40 | Edad | Edad Feudal |
| 6:57 | Construir | Farm |
| 7:30 | Crear | Villager (Male) |
| 7:56 | Crear | Villager (Male) |
| 8:00 | Crear | Villager (Male) |
| 8:33 | Construir | Market |
| 8:35 | Crear | Villager (Male) |
| 9:00 | Crear | Villager (Male) |
| 9:37 | Construir | Stable |
| 9:38 | Crear | Villager (Male) |
| 9:49 | Construir | Farm |
| 9:56 | Construir | Farm |
| 10:27 | Investigar | Castle Age |
| 10:30 | Construir | Farm |
| 10:41 | Investigar | Bloodlines |
| 11:31 | Construir | Blacksmith |
| 11:50 | Construir | Farm |
| 12:01 | Investigar | Double-Bit Axe |
| 12:03 | Construir | Farm |
| 12:13 | Investigar | Horse Collar |
| 12:39 | Construir | House |
| 12:41 | Construir | House |
| 12:53 | Edad | Edad de los Castillos |
| 12:59 | Investigar | Scale Barding Armor |
| 13:01 | Investigar | Forging |
| 13:03 | Crear | Villager (Male) |
| 13:09 | Crear | Knight |
| 13:09 | Crear | Knight |
| 13:24 | Construir | Farm |
| 13:28 | Crear | Knight |
| 13:31 | Crear | Villager (Male) |
| 14:08 | Construir | House |
| 14:15 | Crear | Knight |
| 14:16 | Crear | Villager (Male) |
| 14:16 | Crear | Villager (Male) |
| 14:28 | Construir | Farm |
| 14:31 | Construir | Farm |
| 14:34 | Construir | Farm |
| 14:40 | Crear | Villager (Male) |
| 14:54 | Construir | House |
| 15:06 | Crear | Knight |
| 15:11 | Crear | Villager (Male) |
| 15:17 | Construir | House |
| 15:21 | Crear | Knight |
| 15:25 | Crear | Villager (Male) |
| 16:02 | Construir | Farm |
| 16:03 | Crear | Villager (Male) |
| 16:10 | Construir | House |
| 16:12 | Crear | Knight |
| 16:39 | Crear | Villager (Male) |
| 16:40 | Crear | Villager (Male) |
| 16:42 | Construir | House |
| 16:54 | Investigar | Chain Barding Armor |
| 16:55 | Crear | Villager (Male) |
| 17:04 | Construir | Farm |
| 17:06 | Crear | Villager (Male) |
| 17:10 | Crear | Knight |
| 17:11 | Crear | Knight |
| 17:33 | Crear | Knight |
| 17:37 | Construir | House |
| 17:38 | Crear | Villager (Male) |
| 18:09 | Crear | Knight |
| 18:22 | Crear | Villager (Male) |
| 18:25 | Construir | House |
| 18:33 | Construir | Town Center |
| 18:34 | Crear | Villager (Male) |
| 18:48 | Crear | Knight |
| 18:50 | Crear | Knight |
| 19:01 | Crear | Villager (Male) |
| 19:06 | Construir | House |
| 19:07 | Construir | House |
| 19:08 | Crear | Villager (Male) |
| 19:38 | Crear | Knight |
| 19:39 | Crear | Knight |
| 19:40 | Crear | Villager (Male) |
| 19:40 | Crear | Villager (Male) |
| 20:02 | Crear | Knight |
| 20:02 | Crear | Knight |
| 20:14 | Crear | Villager (Male) |
| 20:14 | Crear | Villager (Male) |
| 20:20 | Construir | Stable |
| 20:29 | Crear | Knight |
| 20:29 | Crear | Knight |
| 20:48 | Crear | Scout Cavalry |
| 21:26 | Construir | Gate |
| 21:38 | Crear | Knight |
| 21:38 | Crear | Knight |
| 21:42 | Construir | House |
| 21:54 | Crear | Knight |
| 21:55 | Crear | Knight |
| 22:02 | Crear | Knight |
| 22:02 | Crear | Knight |
| 22:02 | Crear | Knight |
| 22:13 | Construir | House |
| 22:14 | Construir | House |
| 22:23 | Crear | Knight |
| 22:23 | Crear | Knight |
| 22:24 | Crear | Knight |
| 23:20 | Crear | Scout Cavalry |
| 23:20 | Crear | Scout Cavalry |
| 23:43 | Construir | Mining Camp |
| 23:47 | Crear | Scout Cavalry |
| 23:47 | Crear | Scout Cavalry |
| 23:48 | Crear | Scout Cavalry |
| 23:57 | Crear | Villager (Male) |
| 23:57 | Crear | Villager (Male) |
| 24:12 | Crear | Villager (Male) |
| 24:12 | Crear | Villager (Male) |
| 24:21 | Construir | Mining Camp |
| 24:43 | Crear | Scout Cavalry |
| 24:43 | Crear | Scout Cavalry |
| 24:43 | Crear | Scout Cavalry |
| 25:34 | Crear | Scout Cavalry |
| 25:34 | Crear | Scout Cavalry |
| 25:43 | Construir | House |
| 25:54 | Crear | Scout Cavalry |
| 25:54 | Crear | Scout Cavalry |
| 26:12 | Crear | Camel Scout |
| 26:13 | Crear | Camel Scout |
| 26:26 | Construir | Mining Camp |
| 26:31 | Crear | Camel Scout |
| 26:31 | Crear | Camel Scout |
| 27:24 | Crear | Knight |
| 27:24 | Crear | Knight |
| 27:27 | Crear | Villager (Male) |
| 27:27 | Crear | Villager (Male) |
| 27:27 | Crear | Villager (Male) |
| 27:45 | Crear | Villager (Male) |
Build order — Bienjamming
132 acciones detectadas en el replay
| 0:02 | Crear | Villager (Male) ×4 |
| 0:02 | Crear | Villager (Male) |
| 0:16 | Construir | Lumber Camp |
| 2:23 | Crear | Villager (Male) |
| 2:23 | Crear | Villager (Male) |
| 2:24 | Crear | Villager (Male) |
| 2:24 | Crear | Villager (Male) |
| 2:24 | Crear | Villager (Male) |
| 3:40 | Crear | Villager (Male) ×2 |
| 3:40 | Crear | Villager (Male) ×2 |
| 3:57 | Construir | Mill |
| 4:37 | Crear | Villager (Male) |
| 4:38 | Crear | Villager (Male) |
| 4:43 | Crear | Villager (Male) |
| 4:44 | Crear | Villager (Male) |
| 5:04 | Crear | Villager (Male) |
| 5:04 | Crear | Villager (Male) |
| 5:05 | Crear | Villager (Male) |
| 5:05 | Crear | Villager (Male) |
| 5:05 | Crear | Villager (Male) |
| 5:05 | Crear | Villager (Male) |
| 5:06 | Crear | Villager (Male) |
| 5:30 | Construir | Farm |
| 5:30 | Construir | Farm |
| 5:30 | Construir | Farm |
| 5:30 | Construir | Farm |
| 5:43 | Construir | Farm |
| 6:29 | Construir | Farm |
| 6:42 | Construir | Farm |
| 6:48 | Investigar | Feudal Age |
| 9:44 | Edad | Edad Feudal |
| 9:49 | Construir | Market |
| 9:51 | Construir | Blacksmith |
| 10:06 | Construir | Lumber Camp |
| 10:14 | Crear | Villager (Male) |
| 10:15 | Crear | Villager (Male) |
| 10:32 | Investigar | Castle Age |
| 11:15 | Construir | Farm |
| 11:25 | Construir | Farm |
| 11:28 | Investigar | Horse Collar |
| 11:31 | Investigar | Double-Bit Axe |
| 11:31 | Investigar | Double-Bit Axe |
| 12:04 | Crear | Villager (Male) |
| 12:42 | Construir | Farm |
| 13:19 | Edad | Edad de los Castillos |
| 13:23 | Construir | Town Center |
| 13:28 | Crear | Villager (Male) |
| 13:53 | Construir | Town Center |
| 13:57 | Crear | Villager (Male) |
| 13:57 | Crear | Villager (Male) |
| 14:37 | Crear | Villager (Male) |
| 14:46 | Construir | Farm |
| 14:47 | Construir | Farm |
| 14:47 | Construir | Farm |
| 14:47 | Construir | Farm |
| 14:47 | Construir | Farm |
| 14:53 | Crear | Villager (Male) |
| 14:54 | Crear | Villager (Male) |
| 15:03 | Construir | Farm |
| 15:03 | Construir | Farm |
| 15:03 | Construir | Farm |
| 15:04 | Construir | Farm |
| 15:04 | Construir | Farm |
| 15:04 | Construir | Farm |
| 15:04 | Construir | Farm |
| 15:33 | Crear | Villager (Male) |
| 15:33 | Crear | Villager (Male) |
| 15:34 | Crear | Villager (Male) |
| 15:34 | Crear | Villager (Male) |
| 15:51 | Crear | Villager (Male) ×5 |
| 15:54 | Investigar | Bow Saw |
| 15:55 | Investigar | Bow Saw |
| 16:18 | Crear | Villager (Male) ×4 |
| 16:18 | Crear | Villager (Male) ×4 |
| 16:19 | Crear | Villager (Male) ×4 |
| 16:34 | Construir | Farm |
| 16:39 | Crear | Villager (Male) ×2 |
| 17:00 | Construir | Farm |
| 17:00 | Construir | Farm |
| 17:05 | Construir | Farm |
| 17:05 | Construir | Farm |
| 17:05 | Construir | Farm |
| 17:06 | Construir | Farm |
| 17:06 | Construir | Farm |
| 17:06 | Construir | Farm |
| 17:06 | Construir | Farm |
| 17:14 | Construir | Farm |
| 17:17 | Crear | Villager (Male) |
| 17:21 | Crear | Villager (Male) |
| 17:21 | Crear | Villager (Male) |
| 17:23 | Construir | Farm |
| 17:35 | Crear | Villager (Male) ×4 |
| 17:56 | Construir | House |
| 17:56 | Construir | House |
| 17:57 | Construir | House |
| 17:58 | Construir | House |
| 18:00 | Construir | House |
| 18:11 | Construir | Farm |
| 18:13 | Crear | Villager (Male) ×5 |
| 18:14 | Crear | Villager (Male) |
| 18:33 | Construir | Farm |
| 18:37 | Crear | Organ Gun |
| 19:22 | Construir | Gate |
| 19:33 | Construir | Gate |
| 19:36 | Construir | House |
| 19:39 | Crear | Villager (Male) |
| 19:40 | Crear | Organ Gun |
| 19:41 | Crear | Organ Gun |
| 19:53 | Construir | Gate |
| 20:53 | Crear | Organ Gun |
| 20:53 | Crear | Organ Gun |
| 21:07 | Construir | Farm |
| 21:46 | Construir | Lumber Camp |
| 21:54 | Construir | Mining Camp |
| 22:11 | Crear | Organ Gun |
| 22:11 | Crear | Organ Gun |
| 22:57 | Crear | Organ Gun |
| 22:57 | Crear | Organ Gun |
| 23:21 | Construir | Gate |
| 23:27 | Construir | Stone Wall |
| 23:31 | Crear | Villager (Male) |
| 23:34 | Crear | Villager (Male) |
| 23:35 | Crear | Villager (Male) |
| 24:18 | Construir | Town Center |
| 24:26 | Crear | Organ Gun |
| 24:27 | Crear | Organ Gun |
| 24:37 | Crear | Organ Gun |
| 24:59 | Construir | Town Center |
| 25:02 | Crear | Villager (Male) ×5 |
| 25:29 | Construir | Outpost |
| 25:37 | Construir | Outpost |
| 25:46 | Construir | Outpost |
Build order — DGHIR | Miloss
Primeras 150 de 418 acciones detectadas
| 0:06 | Crear | Villager (Male) ×4 |
| 0:09 | Construir | Lumber Camp |
| 0:34 | Construir | Mill |
| 1:38 | Crear | Villager (Male) |
| 2:09 | Crear | Villager (Male) |
| 2:38 | Crear | Villager (Male) |
| 2:38 | Crear | Villager (Male) |
| 2:56 | Crear | Villager (Male) |
| 3:22 | Crear | Villager (Male) |
| 3:45 | Investigar | Loom |
| 4:15 | Investigar | Feudal Age |
| 4:47 | Crear | Villager (Male) |
| 4:47 | Crear | Villager (Male) |
| 6:25 | Edad | Edad Feudal |
| 6:27 | Construir | Town Center |
| 6:30 | Investigar | Double-Bit Axe |
| 6:31 | Crear | Villager (Male) |
| 6:36 | Investigar | Horse Collar |
| 6:55 | Investigar | Town Watch |
| 7:17 | Crear | Villager (Male) |
| 7:39 | Construir | Lumber Camp |
| 8:01 | Crear | Villager (Male) |
| 8:20 | Crear | Villager (Male) |
| 8:27 | Crear | Villager (Male) |
| 8:27 | Crear | Villager (Male) |
| 8:31 | Construir | Farm |
| 8:51 | Crear | Villager (Male) |
| 8:53 | Construir | Farm |
| 9:07 | Crear | Villager (Male) |
| 9:12 | Construir | Farm |
| 9:20 | Crear | Villager (Male) |
| 9:22 | Construir | Farm |
| 9:32 | Crear | Villager (Male) |
| 9:35 | Construir | Farm |
| 9:52 | Crear | Villager (Male) |
| 9:55 | Construir | Farm |
| 9:59 | Construir | Farm |
| 10:01 | Construir | Farm |
| 10:04 | Crear | Villager (Male) |
| 10:12 | Crear | Villager (Male) |
| 10:16 | Construir | Farm |
| 10:19 | Construir | Farm |
| 10:26 | Construir | Farm |
| 10:28 | Crear | Villager (Male) |
| 10:28 | Crear | Villager (Male) |
| 10:35 | Construir | Farm |
| 10:42 | Crear | Villager (Male) |
| 10:45 | Construir | Farm |
| 11:02 | Construir | Farm |
| 11:04 | Construir | Farm |
| 11:07 | Construir | Farm |
| 11:08 | Crear | Villager (Male) |
| 11:14 | Crear | Villager (Male) |
| 11:25 | Investigar | Wheelbarrow |
| 11:28 | Crear | Villager (Male) |
| 11:29 | Crear | Villager (Male) |
| 11:35 | Construir | Mining Camp |
| 11:47 | Crear | Villager (Male) |
| 12:03 | Construir | Mining Camp |
| 12:20 | Construir | Blacksmith |
| 12:21 | Crear | Villager (Male) |
| 12:49 | Construir | Market |
| 12:56 | Crear | Villager (Male) |
| 12:57 | Crear | Villager (Male) |
| 13:00 | Crear | Villager (Male) |
| 13:18 | Crear | Villager (Male) |
| 13:32 | Construir | Siege Workshop |
| 13:46 | Construir | House |
| 13:47 | Construir | House |
| 13:47 | Construir | House |
| 13:49 | Crear | Villager (Male) |
| 13:49 | Crear | Villager (Male) |
| 13:58 | Construir | House |
| 13:59 | Construir | House |
| 14:17 | Investigar | Castle Age |
| 14:18 | Investigar | Castle Age |
| 14:18 | Investigar | Castle Age |
| 14:23 | Crear | Villager (Male) |
| 14:24 | Crear | Villager (Male) |
| 14:36 | Construir | Stable |
| 14:37 | Construir | Stable |
| 14:42 | Crear | Villager (Male) |
| 14:43 | Crear | Villager (Male) |
| 14:52 | Construir | Mining Camp |
| 14:56 | Crear | Villager (Male) |
| 15:00 | Construir | Farm |
| 15:02 | Construir | Farm |
| 15:22 | Construir | Farm |
| 15:24 | Crear | Villager (Male) |
| 15:28 | Investigar | Scale Barding Armor |
| 15:28 | Investigar | Forging |
| 15:40 | Crear | Villager (Male) |
| 15:42 | Investigar | Stone Mining |
| 15:43 | Investigar | Gold Mining |
| 15:45 | Construir | Farm |
| 15:53 | Investigar | Gold Mining |
| 15:53 | Investigar | Gold Mining |
| 15:54 | Investigar | Gold Mining |
| 16:02 | Crear | Villager (Male) |
| 16:05 | Construir | Farm |
| 16:23 | Construir | Outpost |
| 16:25 | Crear | Villager (Male) |
| 16:47 | Crear | Villager (Male) |
| 16:49 | Crear | Battering Ram |
| 16:49 | Crear | Battering Ram |
| 16:56 | Investigar | Forging |
| 16:57 | Edad | Edad de los Castillos |
| 17:05 | Crear | Villager (Male) |
| 17:10 | Construir | Outpost |
| 17:14 | Investigar | Capped Ram (upgrade) |
| 17:18 | Crear | Villager (Male) |
| 17:41 | Crear | Battering Ram |
| 17:48 | Construir | Outpost |
| 17:49 | Construir | Outpost |
| 17:51 | Crear | Villager (Male) |
| 17:52 | Crear | Villager (Male) |
| 17:58 | Crear | Villager (Male) |
| 18:07 | Crear | Battering Ram |
| 18:20 | Crear | Villager (Male) |
| 18:20 | Crear | Villager (Male) |
| 18:32 | Crear | Villager (Male) |
| 18:35 | Crear | Battering Ram |
| 18:42 | Construir | House |
| 18:44 | Construir | House |
| 18:44 | Construir | House |
| 18:56 | Investigar | Chain Barding Armor |
| 18:57 | Investigar | Iron Casting |
| 19:16 | Investigar | Bloodlines |
| 19:20 | Crear | Knight |
| 19:20 | Crear | Knight |
| 19:20 | Crear | Knight |
| 19:25 | Construir | House |
| 19:26 | Construir | House |
| 19:28 | Crear | Knight |
| 19:28 | Crear | Knight |
| 19:34 | Construir | Siege Workshop |
| 19:47 | Crear | Knight ×2 |
| 20:03 | Construir | Castle |
| 20:05 | Investigar | Fletching |
| 20:07 | Crear | Knight |
| 20:15 | Construir | Farm |
| 20:28 | Construir | House |
| 20:29 | Construir | House |
| 20:32 | Crear | Mangonel |
| 20:33 | Crear | Villager (Male) |
| 20:36 | Construir | House |
| 20:39 | Construir | House |
| 20:45 | Crear | Villager (Male) |
| 21:02 | Crear | Knight ×2 |
| 21:04 | Crear | Villager (Male) |
Build order — andru_m15
Primeras 150 de 422 acciones detectadas
| 0:01 | Crear | Villager (Male) |
| 0:01 | Crear | Villager (Male) |
| 0:03 | Construir | House |
| 0:08 | Construir | House |
| 0:11 | Crear | Villager (Male) |
| 0:15 | Construir | Lumber Camp |
| 1:08 | Crear | Villager (Male) |
| 1:08 | Crear | Villager (Male) |
| 1:25 | Crear | Villager (Male) |
| 1:25 | Crear | Villager (Male) |
| 1:26 | Crear | Villager (Male) |
| 2:11 | Construir | Mill |
| 2:35 | Crear | Villager (Male) |
| 2:35 | Crear | Villager (Male) |
| 2:59 | Crear | Villager (Male) |
| 3:28 | Crear | Villager (Male) |
| 3:32 | Crear | Villager (Male) |
| 3:32 | Crear | Villager (Male) |
| 4:07 | Construir | Farm |
| 4:08 | Construir | Farm |
| 4:25 | Construir | Farm |
| 4:26 | Construir | Farm |
| 4:28 | Construir | Farm |
| 4:34 | Crear | Villager (Male) |
| 5:34 | Crear | Villager (Male) |
| 5:35 | Crear | Villager (Male) |
| 5:42 | Construir | Mining Camp |
| 5:48 | Crear | Villager (Male) |
| 6:45 | Investigar | Feudal Age |
| 8:35 | Crear | Villager (Male) |
| 8:36 | Crear | Villager (Male) |
| 8:59 | Edad | Edad Feudal |
| 9:07 | Construir | Blacksmith |
| 9:11 | Construir | Market |
| 9:16 | Investigar | Double-Bit Axe |
| 9:23 | Construir | Farm |
| 9:23 | Construir | Farm |
| 9:24 | Construir | Farm |
| 9:24 | Construir | Farm |
| 9:24 | Construir | Farm |
| 9:57 | Investigar | Castle Age |
| 9:57 | Investigar | Castle Age |
| 10:21 | Investigar | Man-at-Arms (upgrade) |
| 10:27 | Investigar | Scale Mail Armor |
| 11:05 | Crear | Militia |
| 11:05 | Crear | Militia |
| 11:11 | Investigar | Forging |
| 11:36 | Crear | Militia |
| 11:36 | Crear | Militia |
| 11:54 | Crear | Villager (Male) |
| 11:55 | Investigar | Gold Mining |
| 12:02 | Investigar | Horse Collar |
| 12:02 | Investigar | Horse Collar |
| 12:11 | Crear | Militia |
| 12:37 | Edad | Edad de los Castillos |
| 12:45 | Construir | Town Center |
| 12:47 | Crear | Villager (Male) |
| 12:48 | Crear | Villager (Male) |
| 12:57 | Crear | Villager (Male) |
| 13:10 | Construir | Farm |
| 13:11 | Crear | Villager (Male) |
| 13:30 | Investigar | Long Swordsman (upgrade) |
| 13:56 | Construir | Farm |
| 13:59 | Crear | Villager (Male) |
| 14:03 | Crear | Militia |
| 14:03 | Crear | Militia |
| 14:44 | Crear | Villager (Male) |
| 14:44 | Crear | Villager (Male) |
| 14:53 | Construir | Siege Workshop |
| 14:59 | Investigar | Squires |
| 15:11 | Crear | Villager (Male) |
| 15:24 | Crear | Militia |
| 15:24 | Crear | Militia |
| 15:43 | Construir | Farm |
| 15:55 | Construir | Lumber Camp |
| 16:00 | Crear | Villager (Male) |
| 16:00 | Crear | Villager (Male) |
| 16:01 | Crear | Villager (Male) |
| 16:03 | Crear | Villager (Male) |
| 16:07 | Construir | House |
| 16:27 | Investigar | Bow Saw |
| 16:27 | Investigar | Bow Saw |
| 16:43 | Crear | Battering Ram |
| 16:47 | Construir | House |
| 16:47 | Construir | House |
| 16:55 | Crear | Militia |
| 16:55 | Crear | Militia |
| 17:13 | Crear | Battering Ram |
| 17:38 | Crear | Battering Ram |
| 18:07 | Crear | Militia |
| 18:07 | Crear | Militia |
| 18:19 | Crear | Battering Ram |
| 18:29 | Crear | Villager (Male) |
| 18:30 | Crear | Villager (Male) |
| 18:40 | Crear | Villager (Male) |
| 18:40 | Crear | Villager (Male) |
| 18:49 | Crear | Villager (Male) |
| 18:50 | Crear | Villager (Male) |
| 18:53 | Crear | Militia |
| 18:53 | Crear | Militia |
| 18:56 | Construir | Barracks |
| 20:31 | Crear | Battering Ram |
| 20:31 | Crear | Battering Ram |
| 22:32 | Crear | Villager (Male) |
| 22:32 | Crear | Villager (Male) |
| 22:33 | Crear | Villager (Male) |
| 22:33 | Crear | Villager (Male) |
| 22:33 | Crear | Villager (Male) |
| 22:33 | Crear | Villager (Male) |
| 22:59 | Investigar | Loom |
| 23:00 | Crear | Villager (Male) |
| 23:00 | Crear | Villager (Male) |
| 23:01 | Investigar | Wheelbarrow |
| 23:13 | Crear | Militia |
| 23:13 | Crear | Militia |
| 23:14 | Crear | Militia |
| 23:33 | Construir | House |
| 23:34 | Construir | House |
| 23:34 | Construir | House |
| 23:38 | Investigar | Town Watch |
| 23:44 | Construir | University |
| 23:49 | Construir | Monastery |
| 24:02 | Construir | Town Center |
| 24:06 | Crear | Villager (Male) |
| 24:06 | Crear | Villager (Male) |
| 24:06 | Crear | Villager (Male) |
| 24:07 | Crear | Villager (Male) |
| 24:25 | Crear | Militia |
| 24:25 | Crear | Militia |
| 24:25 | Crear | Militia |
| 25:27 | Investigar | Imperial Age |
| 26:20 | Crear | Villager (Male) |
| 26:20 | Crear | Villager (Male) |
| 26:21 | Crear | Villager (Male) |
| 26:25 | Investigar | Chain Mail Armor |
| 26:25 | Investigar | Iron Casting |
| 28:11 | Construir | Farm |
| 28:11 | Construir | Farm |
| 28:11 | Construir | Farm |
| 28:11 | Construir | Farm |
| 28:11 | Construir | Farm |
| 28:12 | Construir | Farm |
| 28:34 | Construir | Mining Camp |
| 28:37 | Edad | Edad Imperial |
| 28:41 | Construir | Barracks |
| 28:43 | Construir | Barracks |
| 28:44 | Construir | Barracks |
| 28:46 | Crear | Villager (Male) |
| 28:47 | Crear | Villager (Male) |
| 28:48 | Investigar | Hand Cart |
Cronología de la partida
| 6:25 | DGHIR | Miloss · age_up feudal |
| 6:40 | Pelad · age_up feudal |
| 8:59 | andru_m15 · age_up feudal |
| 9:28 | Pelad · first_market_buy 100 wood |
| 9:30 | Pelad · first_market_sell 100 food |
| 9:37 | Pelad · first_building Stable |
| 9:44 | Bienjamming · age_up feudal |
| 10:31 | Bienjamming · first_market_sell 100 wood |
| 12:37 | andru_m15 · age_up castle |
| 12:53 | Pelad · age_up castle |
| 13:19 | Bienjamming · age_up castle |
| 13:32 | DGHIR | Miloss · first_building Siege Workshop |
| 14:36 | DGHIR | Miloss · first_building Stable |
| 14:53 | andru_m15 · first_building Siege Workshop |
| 16:22 | andru_m15 · first_market_buy 100 wood |
| 16:57 | DGHIR | Miloss · age_up castle |
| 18:56 | andru_m15 · first_building Barracks |
| 19:12 | Bienjamming · first_market_buy 100 stone |
| 20:03 | DGHIR | Miloss · first_building Castle |
| 23:27 | Bienjamming · wall_segment Stone Wall x3 |
| 23:49 | andru_m15 · first_building Monastery |
| 27:34 | Bienjamming · resign |
| 28:02 | DGHIR | Miloss · first_market_buy 100 food |
| 28:37 | andru_m15 · age_up imperial |
| 32:37 | andru_m15 · tribute_sent a jugador 1 |
| 32:37 | andru_m15 · tribute_sent a jugador 2 |
| 32:37 | andru_m15 · tribute_sent a jugador 3 |
| 34:25 | andru_m15 · tribute_sent a jugador 1 |
| 34:25 | andru_m15 · tribute_sent a jugador 2 |
| 34:25 | andru_m15 · tribute_sent a jugador 3 |
| 34:46 | DGHIR | Miloss · age_up imperial |
| 40:11 | andru_m15 · tribute_sent a jugador 1 |
| 40:11 | andru_m15 · tribute_sent a jugador 2 |
| 40:11 | andru_m15 · tribute_sent a jugador 3 |
| 43:42 | DGHIR | Miloss · first_building Monastery |
| 45:02 | andru_m15 · first_building Castle |
| 54:13 | andru_m15 · wall_segment Palisade Wall x1 |
| 54:16 | andru_m15 · wall_segment Palisade Wall x1 |
| 54:17 | andru_m15 · wall_segment Palisade Wall x1 |
| 55:41 | DGHIR | Miloss · wall_segment Palisade Wall x6 |
| 55:45 | DGHIR | Miloss · wall_segment Palisade Wall x5 |
[ ANÁLISIS IA · 1 CRÉDITO ]
¿Qué pasó realmente en esta partida?
Wolo.gg analiza cada decisión: build order, eco, micro, errores típicos por bracket. Análisis personalizado por WhatsApp o Discord en 30 segundos.
Guía civ
Persas
Perfil
Pelad